[Event "ICC tourney 2357 (30 5)"]
[Site "Internet Chess Club"]
[Date "2021.01.30"]
[Round "5"]
[White "SAEmilio"]
[Black "RPC2020"]
[Result "0-1"]
[ICCResult "White checkmated"]
[WhiteElo "576"]
[BlackElo "563"]
[Opening "Hungarian defense"]
[ECO "C50"]
[NIC "IG.03"]
[Time "18:04:04"]
[PlyCount "92"]
[TimeControl "1800+5"]

1. e4 e5 2. Nf3 Nc6 3. Bc4 Be7 4. Nc3 Nf6 5. d3 O-O 6. Bg5 d6 7. Qd2 Bg4 8.
O-O-O Bxf3 9. gxf3 Nd4 10. Qe3 a6 11. Rhg1 Kh8 12. f4 b5 13. Bb3 Nxb3+ 14.
axb3 Qd7 15. Qg3 exf4 16. Bxf4 Rg8 17. Qf3 b4 18. Na2 a5 19. Rg3 a4 20.
Nxb4 axb3 21. cxb3 Ra1+ 22. Kc2 Rxd1 23. Qxd1 Qb5 24. Na2 Rb8 25. Kc3 Qc5+
26. Kd2 Ra8 27. Nc3 Qxf2+ 28. Ne2 Nh5 29. Rh3 Nxf4 30. Re3 Bg5 31. Qg1 Nxe2
32. Qxg5 Nf4+ 33. Kc3 Ne2+ 34. Kc4 Qxh2 35. Qg4 Nc1 36. Rh3 Qc2+ 37. Kd4
Qxb2+ 38. Ke3 Qe2+ 39. Kd4 Qf2+ 40. Kc3 Qe1+ 41. Kd4 Nxb3+ 42. Kc4 Ra4+ 43.
Kxb3 Qb4+ 44. Kc2 Ra2+ 45. Kc1 Qb2+ 46. Kd1 Qb1# { White checkmated } 0-1

[Event "ICC tourney 2357 (30 5)"]
[Site "Internet Chess Club"]
[Date "2021.01.30"]
[Round "5"]
[White "ivanachan"]
[Black "GusH"]
[Result "1-0"]
[ICCResult "Black checkmated"]
[WhiteElo "765"]
[BlackElo "530"]
[Opening "QGD Slav defense"]
[ECO "D10"]
[NIC "SL.01"]
[Time "18:03:30"]
[PlyCount "53"]
[TimeControl "1800+5"]

1. d4 d5 2. c4 c6 3. Nc3 Nf6 4. Bf4 Bf5 5. h3 e6 6. Nf3 Bb4 7. a3 Bxc3+ 8.
bxc3 O-O 9. e3 Qa5 10. Qc1 Nh5 11. Bd6 Rd8 12. Be7 Rd7 13. Bc5 Be4 14. Ne5
Rd8 15. Be7 Re8 16. Bg5 Qa6 17. Be2 Bxg2 18. Rg1 Bxh3 19. Bxh5 Re7 20. Bxe7
f6 21. Bxf6 Kf8 22. Rxg7 Qb6 23. Rb1 Qc7 24. Rxc7 Nd7 25. Nxd7+ Kg8 26. e4
dxe4 27. Qg5# { Black checkmated } 1-0

[Event "ICC tourney 2357 (30 5)"]
[Site "Internet Chess Club"]
[Date "2021.01.30"]
[Round "5"]
[White "kiaanj"]
[Black "reyanshgandhi"]
[Result "1-0"]
[ICCResult "Black checkmated"]
[WhiteElo "871"]
[BlackElo "721"]
[Opening "Four knights: Scotch variation"]
[ECO "C47"]
[NIC "KP.06"]
[Time "18:03:47"]
[PlyCount "61"]
[TimeControl "1800+5"]

1. e4 e5 2. Nf3 Nc6 3. Nc3 Nf6 4. d4 Bd6 5. Bb5 exd4 6. Nxd4 Nxd4 7. Qxd4
Qe7 8. O-O Be5 9. Qd3 Bd6 10. Re1 Qe5 11. Bd2 Qxh2+ 12. Kf1 Bc5 13. Ke2 Qh4
14. Kd1 Bxf2 15. Rf1 Ng4 16. Bc4 Qh5 17. Qf3 d6 18. Rxf2 Qh1+ 19. Ke2 Qxa1
20. Qxf7+ Kd8 21. Qxg7 Re8 22. Qg5+ Re7 23. Rf8+ Kd7 24. Qf5+ Kc6 25. Bd5+
Kb6 26. Na4+ Ka6 27. Bc4+ b5 28. Bxb5+ Kb7 29. Qd5+ Kb8 30. Rxc8+ Kxc8 31.
Qxa8# { Black checkmated } 1-0

[Event "ICC tourney 2357 (30 5)"]
[Site "Internet Chess Club"]
[Date "2021.01.30"]
[Round "5"]
[White "m2021chessusa"]
[Black "LucaV"]
[Result "0-1"]
[ICCResult "White checkmated"]
[WhiteElo "722"]
[BlackElo "516"]
[Opening "Scotch: Lolli variation"]
[ECO "C44"]
[NIC "KP.10"]
[Time "18:03:28"]
[PlyCount "48"]
[TimeControl "1800+5"]

1. e4 e5 2. Nf3 Nc6 3. d4 Nxd4 4. Nxd4 exd4 5. Qxd4 Nf6 6. Nc3 b6 7. Bg5
Bc5 8. Qd3 Bb7 9. O-O-O h6 10. Bh4 g5 11. Bg3 d6 12. h4 gxh4 13. Bxh4 Rg8
14. Re1 Qe7 15. f4 d5 16. exd5 Qxe1+ 17. Bxe1 O-O-O 18. Rxh6 Nxd5 19. Nxd5
Bxd5 20. b3 Bxg2 21. Qf5+ Kb8 22. Bxg2 Rxg2 23. Qxf7 Ba3+ 24. Kb1 Rd1# {
White checkmated } 0-1

[Event "ICC tourney 2357 (30 5)"]
[Site "Internet Chess Club"]
[Date "2021.01.30"]
[Round "5"]
[White "MilesFlores"]
[Black "Bigcitypanda"]
[Result "0-1"]
[ICCResult "White checkmated"]
[WhiteElo "702"]
[BlackElo "398"]
[Opening "Four knights: Scotch, 4...exd4"]
[ECO "C47"]
[NIC "KP.06"]
[Time "18:03:38"]
[PlyCount "88"]
[TimeControl "1800+5"]

1. e4 e5 2. Nf3 Nc6 3. Nc3 Nf6 4. d4 exd4 5. Nxd4 Nxd4 6. Qxd4 d6 7. Bc4
Be7 8. Qe3 O-O 9. Qf3 Bg4 10. Qg3 Bh5 11. Bh6 g6 12. Bxf8 Qxf8 13. e5 dxe5
14. Qxe5 Re8 15. Qxc7 Bd6+ 16. Qe7 Rxe7+ 17. Kf1 Bb4 18. Nd5 Nxd5 19. Bxd5
Qd8 20. Rd1 Qe8 21. f3 Re1+ 22. Kf2 Qe2+ 23. Kg3 Rxd1 24. Rxd1 Qxd1 25.
Bxb7 Bd6+ 26. Kf2 Qxc2+ 27. Kf1 Qxb2 28. Bd5 Qd2 29. Bb3 a5 30. g4 Qb2 31.
gxh5 gxh5 32. h4 Qh2 33. Bd5 Qxh4 34. Kg2 Qg3+ 35. Kf1 h4 36. f4 h3 37. f5
Qd3+ 38. Kf2 Qxd5 39. Kg1 h2+ 40. Kf2 h1=Q 41. Ke2 Qhe4+ 42. Kf1 Qdxf5+ 43.
Kg1 Qeg4+ 44. Kh1 Qfh5# { White checkmated } 0-1

[Event "ICC tourney 2357 (30 5)"]
[Site "Internet Chess Club"]
[Date "2021.01.30"]
[Round "5"]
[White "JDWJamJam"]
[Black "JaithD"]
[Result "0-1"]
[ICCResult "White checkmated"]
[WhiteElo "671"]
[BlackElo "753"]
[Opening "Ruy Lopez: Berlin defense, 4.O-O, d6"]
[ECO "C66"]
[NIC "RL.02"]
[Time "18:03:27"]
[PlyCount "74"]
[TimeControl "1800+5"]

1. e4 e5 2. Nf3 Nc6 3. Bb5 d6 4. O-O Nf6 5. Nc3 Be7 6. d3 O-O 7. h3 a6 8.
Ba4 b5 9. Bb3 b4 10. Ne2 a5 11. a3 a4 12. Ba2 bxa3 13. bxa3 Be6 14. Bxe6
fxe6 15. Ng3 d5 16. exd5 exd5 17. Bb2 d4 18. Nf5 Rb8 19. Nxe7+ Qxe7 20. Ra2
Nd5 21. Re1 Nc3 22. Bxc3 dxc3 23. Re4 Rb2 24. Rxb2 cxb2 25. Rxa4 Rb8 26.
Nd2 Qg5 27. Nb1 Qc1 28. Qf1 Nd4 29. Rb4 Rxb4 30. axb4 Ne2+ 31. Kh2 Qxf1 32.
Nd2 Qd1 33. Nb1 Qxb1 34. b5 Qd1 35. b6 cxb6 36. c4 b1=R 37. h4 Qh1# { White
checkmated } 0-1

[Event "ICC tourney 2357 (30 5)"]
[Site "Internet Chess Club"]
[Date "2021.01.30"]
[Round "5"]
[White "Lucasthegreat12"]
[Black "BreacenIsGreat"]
[Result "1-0"]
[ICCResult "Black checkmated"]
[WhiteElo "678"]
[BlackElo "826"]
[Opening "Queen's pawn game"]
[ECO "D04"]
[NIC "QP.08"]
[Time "18:03:52"]
[PlyCount "67"]
[TimeControl "1800+5"]

1. d4 d5 2. Nf3 Nf6 3. e3 Bf5 4. a3 Nc6 5. Be2 g6 6. b4 a6 7. Bb2 b5 8. Ne5
Nxe5 9. dxe5 Ne4 10. Nd2 Nxd2 11. Qxd2 Bg7 12. f4 e6 13. O-O Qh4 14. Qe1
Qh6 15. a4 bxa4 16. Rxa4 Bxc2 17. Ra3 O-O 18. Qc3 Be4 19. Qxc7 Rfc8 20. Qb6
Rcb8 21. Qd4 Bf8 22. Bc3 g5 23. Bd3 Bxd3 24. Qxd3 gxf4 25. exf4 Bxb4 26.
Bxb4 Rxb4 27. Rb3 Rxf4 28. Qg3+ Kh8 29. Rxf4 a5 30. Rxf7 a4 31. Ra3 Qc1+
32. Rf1 Qb2 33. Rxa4 Rxa4 34. Rf8# { Black checkmated } 1-0

[Event "ICC tourney 2357 (30 5)"]
[Site "Internet Chess Club"]
[Date "2021.01.30"]
[Round "5"]
[White "SeverusSnape18"]
[Black "hotham1000"]
[Result "0-1"]
[ICCResult "White checkmated"]
[WhiteElo "570"]
[BlackElo "875"]
[Opening "French defense"]
[ECO "C00"]
[NIC "FR.01"]
[Time "18:03:22"]
[PlyCount "106"]
[TimeControl "1800+5"]

1. e4 e6 2. Nf3 d5 3. exd5 exd5 4. d4 c6 5. Nc3 Be6 6. Bd3 Nd7 7. O-O Ngf6
8. Re1 Bd6 9. Bg5 O-O 10. h3 h6 11. Be3 Qc7 12. Kh1 c5 13. dxc5 Bxc5 14.
Bxc5 Qxc5 15. Ne5 Nxe5 16. Rxe5 Qxf2 17. Qf1 Qxf1+ 18. Rxf1 d4 19. Ne2 Rfd8
20. Rf4 Kf8 21. Rxd4 Rxd4 22. Nxd4 Bxa2 23. b3 Rd8 24. Nf3 Bxb3 25. cxb3
Rxd3 26. Ra5 Rxb3 27. Rxa7 Ke7 28. Nd4 Rb1+ 29. Kh2 Kd6 30. Nf5+ Kd5 31.
Nxg7 b5 32. Nf5 b4 33. Ne3+ Kd4 34. Nc2+ Kc3 35. Ne3 Ne4 36. Nd1+ Kc2 37.
Ne3+ Kd3 38. Nd5 b3 39. Rb7 b2 40. Nb4+ Kc3 41. Nd5+ Kc2 42. Nb4+ Kc1 43.
Na2+ Kd2 44. Nb4 Rh1+ 45. Kxh1 b1=Q+ 46. Kh2 Nf2 47. Kg3 Ke2 48. Kh2 Qh1+
49. Kg3 Ne4+ 50. Kf4 Qxg2 51. Nd5 Qf3+ 52. Ke5 f6+ 53. Kd4 Qd3# { White
checkmated } 0-1

[Event "ICC tourney 2357 (30 5)"]
[Site "Internet Chess Club"]
[Date "2021.01.30"]
[Round "5"]
[White "ChattyYouth"]
[Black "PrincessAnai"]
[Result "1-0"]
[ICCResult "Black checkmated"]
[WhiteElo "621"]
[BlackElo "443"]
[Opening "Sicilian: Smith-Morra gambit"]
[ECO "B21"]
[NIC "SI.48"]
[Time "18:03:45"]
[PlyCount "85"]
[TimeControl "1800+5"]

1. e4 c5 2. d4 cxd4 3. Qxd4 Nc6 4. Qd3 e6 5. Be2 Nb4 6. Qd1 Qf6 7. c3 Bc5
8. Nf3 Ne7 9. Bg5 Qg6 10. cxb4 Bxb4+ 11. Nbd2 Bc5 12. O-O Bd6 13. e5 Bxe5
14. Nxe5 Qxg5 15. Ndf3 Qh6 16. Ng4 Qh5 17. Qd4 O-O 18. Nfe5 b5 19. Qe4 d5
20. Nf6+ gxf6 21. Bxh5 dxe4 22. Rac1 fxe5 23. Rfd1 Nf5 24. Rd2 e3 25. fxe3
Nxe3 26. Re2 Nf5 27. Rxe5 Nh4 28. Rcc5 Bb7 29. Rxb5 Rab8 30. Rg5+ Kh8 31.
Rb4 Rfd8 32. Rbg4 Nf3+ 33. gxf3 Bxf3 34. Rg3 Rxb2 35. Bxf3 f6 36. Rg7 Rbb8
37. Rxa7 Rd1+ 38. Bxd1 Rb2 39. Rgg7 Rb8 40. Rxh7+ Kg8 41. h4 e5 42. Bb3+
Kf8 43. Rh8# { Black checkmated } 1-0

[Event "ICC tourney 2357 (30 5)"]
[Site "Internet Chess Club"]
[Date "2021.01.30"]
[Round "5"]
[White "SpeyerSophieK"]
[Black "jakemakecake"]
[Result "0-1"]
[ICCResult "White checkmated"]
[WhiteElo "802"]
[BlackElo "525"]
[Opening "Sicilian: Alapin's variation (2.c3)"]
[ECO "B22"]
[NIC "SI.46"]
[Time "18:03:33"]
[PlyCount "42"]
[TimeControl "1800+5"]

1. e4 c5 2. c3 Nc6 3. Nf3 d6 4. d4 cxd4 5. cxd4 e5 6. dxe5 Nxe5 7. Bf4 Bg4
8. h3 Bh5 9. g4 Nxf3+ 10. Qxf3 Bg6 11. Bb5+ Ke7 12. Nc3 Nf6 13. g5 Nd7 14.
Nd5+ Ke8 15. Bxd7+ Qxd7 16. e5 dxe5 17. Bxe5 Bd6 18. Bxg7 Bb4+ 19. Kd1 Rg8
20. Kc1 Qc6+ 21. Kd1 Qc2# { White checkmated } 0-1

[Event "ICC tourney 2357 (30 5)"]
[Site "Internet Chess Club"]
[Date "2021.01.30"]
[Round "5"]
[White "rohanagarwal"]
[Black "MingMing59"]
[Result "0-1"]
[ICCResult "White checkmated"]
[WhiteElo "100"]
[BlackElo "523"]
[Opening "Three knights game"]
[ECO "C46"]
[NIC "KP.06"]
[Time "18:03:31"]
[PlyCount "54"]
[TimeControl "1800+5"]

1. e4 e5 2. Nf3 Nc6 3. Nc3 Bc5 4. Be2 Nf6 5. O-O O-O 6. d3 h6 7. Qd2 d6 8.
Na4 Bb6 9. Nxb6 axb6 10. Qd1 Bg4 11. Nd2 Qd7 12. h3 Bxe2 13. Qxe2 Nd4 14.
Qd1 d5 15. exd5 Qxd5 16. b3 Qc5 17. a3 Qc3 18. Nb1 Qxa1 19. Qe1 Qxb1 20.
Bd2 Qxc2 21. Qe2 Nxe2+ 22. Kh2 Qxd2 23. Rb1 Qf4+ 24. g3 Qxf2+ 25. Kh1 Rfd8
26. d4 Rxd4 27. g4 Ng3# { White checkmated } 0-1

[Event "ICC tourney 2357 (30 5)"]
[Site "Internet Chess Club"]
[Date "2021.01.30"]
[Round "5"]
[White "HCESBenjaminM"]
[Black "awesome122243"]
[Result "1-0"]
[ICCResult "Black checkmated"]
[WhiteElo "780"]
[BlackElo "655"]
[Opening "Sicilian: Hungarian variation"]
[ECO "B27"]
[NIC "SI.43"]
[Time "18:04:03"]
[PlyCount "91"]
[TimeControl "1800+5"]

1. e4 c5 2. Nf3 g6 3. d4 cxd4 4. Nxd4 Bg7 5. Nc3 e6 6. Bc4 Ne7 7. O-O O-O
8. Be3 d5 9. exd5 exd5 10. Bd3 Nbc6 11. Nce2 Nxd4 12. Bxd4 Nf5 13. Bxg7
Kxg7 14. Qd2 Re8 15. Rfe1 b6 16. Rad1 Bb7 17. Qc3+ Kg8 18. Nf4 d4 19. Qb3
g5 20. Nh5 Bd5 21. Qa3 Nh4 22. Rxe8+ Qxe8 23. Nf6+ Kg7 24. Nxe8+ Rxe8 25.
Qd6 Bxa2 26. Qxd4+ Kg8 27. Qg4 h6 28. Qh5 Bc4 29. Qxh6 Bxd3 30. cxd3 a5 31.
Qxg5+ Ng6 32. Qb5 Ne5 33. Qxb6 Nxd3 34. h3 Nxb2 35. Qxb2 Ra8 36. Qe5 a4 37.
Qg5+ Kf8 38. Qh6+ Ke8 39. Qh8+ Ke7 40. Qxa8 a3 41. Qxa3+ Ke6 42. Qe3+ Kf6
43. Rd4 Kg6 44. Rf4 f5 45. Qg3+ Kh5 46. Rh4# { Black checkmated } 1-0

[Event "ICC tourney 2357 (30 5)"]
[Site "Internet Chess Club"]
[Date "2021.01.30"]
[Round "5"]
[White "YuriQ300"]
[Black "mrandrew"]
[Result "0-1"]
[ICCResult "White checkmated"]
[WhiteElo "892"]
[BlackElo "333"]
[Opening "Scandinavian (center counter) defense"]
[ECO "B01"]
[NIC "VO.17"]
[Time "18:03:42"]
[PlyCount "108"]
[TimeControl "1800+5"]

1. e4 d5 2. Nc3 dxe4 3. Nxe4 Bf5 4. Ng3 Bg6 5. Bc4 Nc6 6. Nf3 e6 7. d3 Bc5
8. Be3 Bxe3 9. fxe3 Nf6 10. O-O O-O 11. Nh4 Ne5 12. Nxg6 hxg6 13. Qe2 Nxc4
14. dxc4 Qe7 15. Rad1 Rad8 16. Qf3 Rxd1 17. Rxd1 Rd8 18. Nf1 Rxd1 19. Qxd1
Qd7 20. Qf3 c6 21. Qg3 Ne4 22. Qb8+ Kh7 23. Qxa7 Nd2 24. Qc5 Nxf1 25. Qh5+
gxh5 26. Kxf1 Qd1+ 27. Kf2 Qxc2+ 28. Kg3 g5 29. h4 g4 30. Kf4 Qf5+ 31. Kg3
Qe5+ 32. Kf2 Qxb2+ 33. Kg3 f5 34. Kf4 Qxg2 35. Kg5 g3 36. Kxh5 Qf3+ 37. Kg5
g2 38. Kf6 g1=Q 39. Kxe6 Qgxe3+ 40. Kd6 Qff4+ 41. Kd7 Qfd4+ 42. Kc7 Qe7+
43. Kb8 Qdd8+ 44. Ka7 b5+ 45. Ka6 Qa8+ 46. Kb6 Qeb7+ 47. Kc5 f4 48. Kd4
bxc4 49. h5 f3 50. h6 f2 51. a4 f1=Q 52. a5 Qd7+ 53. Kc3 Qxa5+ 54. Kb2
Qdd2# { White checkmated } 0-1

[Event "ICC tourney 2357 (30 5)"]
[Site "Internet Chess Club"]
[Date "2021.01.30"]
[Round "5"]
[White "rishatag"]
[Black "AlexPS452"]
[Result "0-1"]
[ICCResult "White checkmated"]
[WhiteElo "535"]
[BlackElo "832"]
[Opening "Ruy Lopez: modern Steinitz defense, 5.O-O"]
[ECO "C72"]
[NIC "RL.02"]
[Time "18:03:31"]
[PlyCount "144"]
[TimeControl "1800+5"]

1. e4 e5 2. Nf3 Nc6 3. Bb5 d6 4. O-O a6 5. Ba4 b5 6. Bb3 Bg4 7. h3 Bh5 8.
c3 b4 9. Re1 Nf6 10. g4 Nxg4 11. hxg4 Bxg4 12. Kf1 Qf6 13. Re3 Qh6 14. Ke2
Be7 15. Qg1 Qh5 16. Kd3 Bxf3 17. Qxg7 O-O-O 18. Bxf7 Qh3 19. Qg3 Qxg3 20.
fxg3 Bg4 21. Kc2 bxc3 22. Nxc3 Bg5 23. Re1 Nd4+ 24. Kb1 Rdf8 25. Bc4 Nf3
26. Rf1 Bxd2 27. Bxa6+ Kb8 28. a4 Bxc1 29. Kxc1 Nd4 30. Ra3 Ka7 31. Bc4
Rxf1+ 32. Bxf1 Rf8 33. Bc4 Rf2 34. Bd3 c5 35. a5 Ne2+ 36. Nxe2 Bxe2 37.
Bxe2 Rxe2 38. a6 Rxe4 39. Kc2 Rg4 40. Kd2 Rd4+ 41. Ke2 Rb4 42. Ra2 Rb6 43.
Kd3 Rxa6 44. Rxa6+ Kxa6 45. Kc4 Kb6 46. Kd5 Kc7 47. g4 h6 48. b3 Kd7 49. b4
cxb4 50. Kc4 Kc6 51. Kxb4 Kd5 52. Kc3 Ke4 53. Kd2 Kf3 54. Kd3 e4+ 55. Kd2
Kf2 56. Kd1 e3 57. Kc2 e2 58. Kd3 e1=Q 59. Kd4 Qe3+ 60. Kd5 Qg5+ 61. Kxd6
Qxg4 62. Ke5 h5 63. Kf6 h4 64. Ke5 h3 65. Kd5 h2 66. Ke5 h1=Q 67. Kf6 Qhf3+
68. Ke5 Qge4+ 69. Kd6 Qfd3+ 70. Kc5 Qec4+ 71. Kb6 Qdb3+ 72. Ka5 Qcb5# {
White checkmated } 0-1

[Event "ICC tourney 2357 (30 5)"]
[Site "Internet Chess Club"]
[Date "2021.01.30"]
[Round "5"]
[White "ahemphill"]
[Black "Chk727"]
[Result "0-1"]
[ICCResult "White checkmated"]
[WhiteElo "484"]
[BlackElo "195"]
[Opening "King's knight opening"]
[ECO "C40"]
[NIC "KP.10"]
[Time "18:13:57"]
[PlyCount "40"]
[TimeControl "1800+5"]

1. e4 e5 2. Nf3 Bc5 3. d3 a5 4. Ng5 Qf6 5. Be2 Qxf2+ 6. Kd2 Qxg2 7. Rg1
Qxh2 8. Nf3 Qh6+ 9. Kc3 Qb6 10. b3 Qb4+ 11. Kb2 Qd4+ 12. c3 Qd6 13. Nbd2
Bxg1 14. Nc4 Qc6 15. Nfxe5 Qe6 16. Bg4 Qf6 17. Qxg1 a4 18. b4 a3+ 19. Kb3
Qa6 20. Bd1 Qa4# { White checkmated } 0-1

[Event "ICC tourney 2357 (30 5)"]
[Site "Internet Chess Club"]
[Date "2021.01.30"]
[Round "5"]
[White "Grahamserickson"]
[Black "ghraluca"]
[Result "0-1"]
[ICCResult "White resigns"]
[WhiteElo "555"]
[BlackElo "741"]
[Opening "Ruy Lopez: Berlin defense"]
[ECO "C65"]
[NIC "RL.07"]
[Time "18:03:41"]
[PlyCount "56"]
[TimeControl "1800+5"]

1. e4 e5 2. Nf3 Nc6 3. Bb5 Nf6 4. d3 Bb4+ 5. Nc3 h6 6. O-O a6 7. Ba4 O-O 8.
Be3 d6 9. a3 Bxc3 10. bxc3 Ng4 11. Re1 Qf6 12. d4 Qg6 13. h3 Nxe3 14. Nh4
Qg5 15. g3 Nxd1 16. Raxd1 Bxh3 17. Nf3 Qf6 18. Re3 Bg4 19. Kg2 Bxf3+ 20.
Rxf3 Qg6 21. dxe5 dxe5 22. Rd7 Qxe4 23. Rxc7 Qxa4 24. Rxb7 Qxc2 25. Rc7 Na5
26. Rf5 Qxf5 27. Rc5 Nb3 28. Rc4 Rfc8 { White resigns } 0-1

[Event "ICC tourney 2357 (30 5)"]
[Site "Internet Chess Club"]
[Date "2021.01.30"]
[Round "5"]
[White "SAH3Clint"]
[Black "nihas204"]
[Result "1/2-1/2"]
[ICCResult "Black stalemated"]
[WhiteElo "811"]
[BlackElo "660"]
[Opening "QGD semi-Slav: 5.e3"]
[ECO "D45"]
[NIC "SL.08"]
[Time "18:03:30"]
[PlyCount "113"]
[TimeControl "1800+5"]

1. d4 d5 2. c4 c6 3. Nc3 Nf6 4. e3 e6 5. Nf3 Bb4 6. Bd2 Bxc3 7. Bxc3 O-O 8.
Bd3 dxc4 9. Bxc4 Nbd7 10. Bb3 b6 11. Qd3 c5 12. O-O cxd4 13. Bxd4 h6 14.
Bc2 Bb7 15. e4 Ng4 16. e5 g6 17. h3 Ngxe5 18. Nxe5 Nxe5 19. Bxe5 Qxd3 20.
Bxd3 Rad8 21. Rad1 Rd5 22. Bf6 Rf5 23. Bxf5 exf5 24. Rd7 Bc6 25. Rxa7 Bb5
26. Re1 Kh7 27. Rb7 Bc6 28. Rxb6 Bd7 29. Be7 Re8 30. Bb4 Rg8 31. Re7 Rg7
32. Rxd7 Kh8 33. Rb8+ Kh7 34. Rbb7 Kh8 35. Rd8+ Kh7 36. Rbb8 Rg8 37. Rxg8
f4 38. Rh8+ Kg7 39. Rbg8+ Kf6 40. Rxh6 Kg5 41. Rh7 f6 42. h4+ Kg4 43. f3+
Kf5 44. Rh6 g5 45. hxg5 fxg5 46. a4 Ke5 47. a5 Kd5 48. a6 Ke5 49. a7 Kf5
50. a8=Q Ke5 51. Qf8 Kd5 52. Rxg5+ Kd4 53. Qxf4+ Kd3 54. Rd6+ Kc2 55. Qc4+
Kb1 56. Rd1+ Kxb2 57. Rb5 { Black stalemated } 1/2-1/2

[Event "ICC tourney 2357 (30 5)"]
[Site "Internet Chess Club"]
[Date "2021.01.30"]
[Round "5"]
[White "marksheinin"]
[Black "BirchDavidM"]
[Result "1-0"]
[ICCResult "Black checkmated"]
[WhiteElo "693"]
[BlackElo "780"]
[Opening "French: exchange variation"]
[ECO "C01"]
[NIC "FR.01"]
[Time "18:03:33"]
[PlyCount "83"]
[TimeControl "1800+5"]

1. e4 e6 2. d4 d5 3. exd5 exd5 4. Qe2+ Qe7 5. Qxe7+ Bxe7 6. Nf3 Nc6 7. Bb5
Bf5 8. Ne5 Bd7 9. Nxd7 Kxd7 10. O-O Nf6 11. Nc3 Rhe8 12. Bg5 Rad8 13. Bxf6
Bxf6 14. Nxd5 Bxd4 15. Rfd1 Re7 16. Nxe7 Kxe7 17. Re1+ Kf8 18. Rad1 Rd6 19.
Bxc6 bxc6 20. b4 Bc3 21. Rxd6 Bxe1 22. Rxc6 Bxb4 23. Rxc7 Ba5 24. Rxa7 Bb6
25. Ra6 Bd4 26. c4 Be5 27. c5 Ke7 28. c6 Kd6 29. Kf1 Bxh2 30. a4 Be5 31.
Ke2 Bc3 32. Kd3 Bb4 33. Kc4 Bc5 34. Kb5 Bxf2 35. a5 Bc5 36. Ra8 Kc7 37.
Kxc5 f5 38. a6 g5 39. a7 f4 40. Rb8 g4 41. a8=Q f3 42. Qb7# { Black
checkmated } 1-0

[Event "ICC tourney 2357 (30 5)"]
[Site "Internet Chess Club"]
[Date "2021.01.30"]
[Round "5"]
[White "KingZacAttack"]
[Black "RonKese"]
[Result "1-0"]
[ICCResult "Black checkmated"]
[WhiteElo "700"]
[BlackElo "449"]
[Opening "Queen's pawn: Chigorin variation"]
[ECO "D00"]
[NIC "QP.08"]
[Time "18:03:49"]
[PlyCount "109"]
[TimeControl "1800+5"]

1. d4 d5 2. Nc3 Nf6 3. Bf4 Nc6 4. Nb5 a6 5. Nxc7+ Kd7 6. Nxa8 e6 7. Nc7 Bd6
8. Bxd6 Kxd6 9. Nxd5 exd5 10. Nf3 Re8 11. e3 Ke7 12. Bd3 Ne4 13. O-O Kf8
14. c4 Bg4 15. h3 Bxf3 16. Qxf3 Nd2 17. Qf4 Nxf1 18. Rxf1 dxc4 19. Bxc4 f6
20. Rc1 b5 21. Bb3 a5 22. a4 bxa4 23. Bxa4 Nb4 24. Bxe8 Nd3 25. Qf5 Nxc1
26. Bb5 Qb6 27. Qd7 Qb8 28. Bc4 Qe8 29. Qd5 a4 30. Qg8+ Ke7 31. Qe6+ Kf8
32. Qg4 Qc6 33. Ba2 Nxa2 34. d5 Qxd5 35. Qxa4 Nc1 36. Qa3+ Ke8 37. Qa4+ Ke7
38. Qa7+ Ke6 39. Qb6+ Kf5 40. Qc7 Qd1+ 41. Kh2 g5 42. Qxh7+ Ke6 43. Qe4+
Kf7 44. Qb7+ Kg6 45. Qe4+ f5 46. Qe6+ Kh5 47. Qf7+ Kh6 48. Qf6+ Kh7 49.
Qf7+ Kh8 50. Qf8+ Kh7 51. Qf7+ Kh6 52. Qf6+ Kh5 53. Qf7+ Kh4 54. Qh7+ Qh5
55. g3# { Black checkmated } 1-0

[Event "ICC tourney 2357 (30 5)"]
[Site "Internet Chess Club"]
[Date "2021.01.30"]
[Round "5"]
[White "Isaac2021"]
[Black "BXMSDeku"]
[Result "1-0"]
[ICCResult "Black checkmated"]
[WhiteElo "853"]
[BlackElo "184"]
[Opening "King's pawn game"]
[ECO "C44"]
[NIC "KP.10"]
[Time "18:03:48"]
[PlyCount "153"]
[TimeControl "1800+5"]

1. e4 e5 2. Nf3 Nc6 3. Nxe5 Nxe5 4. Nc3 Nf6 5. Be2 Bc5 6. d4 Bxd4 7. Qxd4
Nc6 8. Qd1 O-O 9. O-O d6 10. Be3 d5 11. exd5 Nb4 12. a3 Nbxd5 13. Nxd5 Nxd5
14. Bf3 Nxe3 15. fxe3 Qxd1 16. Raxd1 Bf5 17. c3 Rad8 18. Rxd8 Rxd8 19. Bxb7
Rd2 20. Rxf5 Rd1+ 21. Kf2 Rd2+ 22. Kf3 Rd1 23. Rb5 Rf1+ 24. Kg3 h6 25. Be4
g5 26. h4 gxh4+ 27. Kxh4 Rh1+ 28. Kg4 h5+ 29. Kg5 Kg7 30. Rb7 f6+ 31. Kf5
Rf1+ 32. Ke6 h4 33. Rxc7+ Kh6 34. Rxa7 Kg5 35. c4 f5 36. Bd5 f4 37. exf4+
Rxf4 38. c5 Rf6+ 39. Ke7 Rg6 40. c6 Rg7+ 41. Kf8 Rxa7 42. Ke8 Ra5 43. c7
Rc5 44. Kd8 Rxd5+ 45. Kc8 Rc5 46. a4 Rc2 47. Kb8 Rxg2 48. c8=Q Rxb2+ 49.
Ka8 Rb3 50. Qc5+ Kf4 51. Qd4+ Kf3 52. Qd5+ Kg3 53. Qxb3+ Kg4 54. a5 h3 55.
Qxh3+ Kxh3 56. a6 Kg4 57. Kb8 Kf4 58. a7 Ke5 59. a8=Q Kd6 60. Qa5 Kc6 61.
Qb4 Kd5 62. Qc3 Kd6 63. Qc4 Ke5 64. Qd3 Ke6 65. Qd4 Kf5 66. Qe3 Kf6 67. Qe4
Kf7 68. Qe5 Kg6 69. Qf4 Kh5 70. Qg3 Kh6 71. Qg4 Kh7 72. Qg5 Kh8 73. Kc7 Kh7
74. Kd7 Kh8 75. Ke7 Kh7 76. Kf7 Kh8 77. Qg8# { Black checkmated } 1-0

[Event "ICC tourney 2357 (30 5)"]
[Site "Internet Chess Club"]
[Date "2021.01.30"]
[Round "5"]
[White "MYMSSolinaChess"]
[Black "RowanTheAwesome"]
[Result "0-1"]
[ICCResult "White checkmated"]
[WhiteElo "779"]
[BlackElo "556"]
[Opening "Petrov's defense"]
[ECO "C42"]
[NIC "RG.03"]
[Time "18:03:49"]
[PlyCount "112"]
[TimeControl "1800+5"]

1. e4 e5 2. Nf3 Nf6 3. Nxe5 Nc6 4. Nxc6 dxc6 5. e5 Ne4 6. Qf3 Ng5 7. Qg3
Ne6 8. Bc4 Nd4 9. Qc3 Bb4 10. Qd3 Bc5 11. c3 Bf5 12. Qg3 Nc2+ 13. Kf1 Nxa1
14. Qxg7 Rf8 15. g4 Qh4 16. d4 Bxb1 17. dxc5 Be4 18. Rg1 Bf5 19. gxf5 Qxc4+
20. Ke1 Nc2+ 21. Kd1 Qd3+ 22. Bd2 Rd8 23. Qg5 Ne3+ 24. Qxe3 Qb1+ 25. Ke2
Qxg1 26. e6 Qg4+ 27. f3 Qg2+ 28. Ke1 Qxd2+ 29. Qxd2 Rxd2 30. Kxd2 fxe6 31.
fxe6 Rxf3 32. Ke2 Rf6 33. Ke3 Rxe6+ 34. Kf2 Re5 35. Kg3 Rxc5 36. h4 Ra5 37.
Kg4 Rxa2 38. h5 Rxb2 39. Kg5 Rc2 40. Kh6 Rxc3 41. Kxh7 Rh3 42. h6 Rxh6+ 43.
Kxh6 c5 44. Kg5 Ke7 45. Kf4 Kd6 46. Ke4 b5 47. Kd3 Kd5 48. Kc3 c4 49. Kb4
a5+ 50. Kxb5 c3 51. Kxa5 c2 52. Ka6 c1=Q 53. Kb7 Kd6 54. Kb8 Qb2+ 55. Kc8
c5 56. Kd8 Qb8# { White checkmated } 0-1

[Event "ICC tourney 2357 (30 5)"]
[Site "Internet Chess Club"]
[Date "2021.01.30"]
[Round "5"]
[White "Rafaelab"]
[Black "SABX4GOAT"]
[Result "1-0"]
[ICCResult "Black checkmated"]
[WhiteElo "445"]
[BlackElo "725"]
[Opening "Scotch opening"]
[ECO "C44"]
[NIC "KP.10"]
[Time "18:04:18"]
[PlyCount "81"]
[TimeControl "1800+5"]

1. e4 e5 2. Nf3 Nc6 3. d4 Bd6 4. Bc4 Nf6 5. Nc3 O-O 6. O-O Re8 7. Re1 Bb4
8. Bg5 h6 9. Bxf6 Qxf6 10. a3 Bxc3 11. bxc3 d6 12. Rb1 Bg4 13. h3 Bxf3 14.
Qxf3 Qxf3 15. gxf3 a6 16. Rxb7 Ra7 17. Rxa7 Nxa7 18. Bxa6 Re6 19. dxe5 dxe5
20. Bd3 Rg6+ 21. Kf1 Rg5 22. Rb1 Nc8 23. Rb8 Kh7 24. Rxc8 Rh5 25. Rxc7 Rxh3
26. Rxf7 Rh1+ 27. Kg2 Rh5 28. f4 exf4 29. e5+ Kg8 30. e6 Rg5+ 31. Kf3 Re5
32. Bc4 Kh7 33. e7 Kg6 34. Kxf4 Re1 35. a4 h5 36. a5 h4 37. a6 h3 38. a7 h2
39. a8=Q h1=Q 40. Bd3+ Kh6 41. Qh8# { Black checkmated } 1-0